 Dungeon Crawl Stone Soup version 0.30.0-10-gfe55d96785 (webtiles) character file.

Game seed: 9414155475403576891

63 dolemite99 the Shooter (level 3, -2/27 HPs)
             Began as a Demonspawn Hunter on May 14, 2023.
             Slain by a phantom (6 damage)
             ... on level 4 of the Dungeon.
             The game lasted 00:03:27 (1532 turns).

dolemite99 the Shooter (Demonspawn Hunter)          Turns: 1532, Time: 00:03:28

Health: -2/27      AC:  3    Str: 11    XL:     3   Next: 89%
Magic:  3/3        EV: 12    Int: 10    God:
Gold:   115        SH:  0    Dex: 18    Spells: 2/2 levels left

rFire   + . .        a - +0 shortbow
rCold   + . .        (shield currently unavailable)
rNeg    . . .        c - +0 leather armour
rPois   +            (helmet restricted)
rElec   +            (no cloak)
rCorr   +            (no gloves)
SInv    .            (no boots)
Will    .....        (no amulet)
Stlth   ++           n - ring of wizardry
HPRegen 0.24/turn    (no ring)
MPRegen 0.08/turn

%: wizardry (x1)
@: mighty, resistant, flying, hasted, very quick
A: horns 1
a: no special abilities


You were on level 4 of the Dungeon.
You visited 1 branch of the dungeon, and saw 3 of its levels.

You collected 115 gold pieces.

Inventory:

Hand Weapons
 a - a +0 shortbow (weapon)
Armour
 c - a +0 leather armour (worn)
 f - a +0 ring mail
 k - a +0 cloak
Jewellery
 i - a ring of fire
 n - a ring of wizardry (left hand)
Scrolls
 b - a scroll of immolation
 d - a scroll of identify {unknown}
 h - a scroll of amnesia {unknown}
Potions
 e - a potion of resistance
 j - a potion of might
 m - a potion of degeneration {unknown}
 o - a potion of attraction {unknown}


   Skills:
 - Level 2.0 Fighting
 + Level 5.0 Ranged Weapons
 - Level 1.7 Dodging
 - Level 0.8 Stealth


You had 2 spell levels left.
You didn't know any spells.
Your spell library was empty.

Dungeon Overview and Level Annotations

Branches:
Dungeon (2/15)

Altars:


Innate Abilities, Weirdness & Mutations

You have a pair of small horns on your head.


Message History

The phantom hits you but does no damage.
Fire: a) +0 shortbow
Press: ? - help, Q - select action Shift-Dir - straight line, f/p - phantom
Aim: a phantom (heavily damaged, 54% to hit)
You shoot an arrow. The arrow hits the phantom.
The phantom is severely damaged.
The phantom hits you.
* * * LOW HITPOINT WARNING * * *
The phantom blinks!
You blink.
Fire: a) +0 shortbow
Press: ? - help, Q - select action Shift-Dir - straight line, f/p - phantom
Aim: a phantom (severely damaged, 54% to hit)
You shoot an arrow.
The arrow hits the phantom but does no damage.
The phantom is severely damaged.
The phantom hits you.
* * * LOW HITPOINT WARNING * * *
The phantom closely misses you.
It was a potion of might.
You feel very mighty all of a sudden.
The phantom hits you but does no damage.
It was a potion of resistance.
You feel protected. The phantom completely misses you.
Fire: a) +0 shortbow
Press: ? - help, Q - select action Shift-Dir - straight line, f/p - phantom
Aim: a phantom (severely damaged, 54% to hit)
You shoot an arrow. The kobold shouts!
The arrow hits the phantom.
The phantom is severely damaged.
You hear a shout!
The phantom closely misses you.
It was a potion of haste.
You feel yourself speed up.
The phantom hits you but does no damage.
The kobold throws a stone.
The stone closely misses you.
It was a potion of flight.
You feel very buoyant.
You fly up into the air.
The phantom hits you.
You die...

#.###### #.#
#.#....# ##.####
##.#.#..# #.....#
#..#.#.####..##.#
##.#.........#
#....#+##.#..#
#.......#.#..#
#.......#....#
######.@W)...##
..........######
.#####....[....#
#....####.#
#....# #......#
##....#K
#.....#.#
#........


You could see a phantom and a kobold.

Vanquished Creatures
  An adder (D:2)
  A dart slug (D:1)
  An orc (D:4)
  4 bats
  2 endoplasms (D:1)
  3 giant cockroaches (D:1)
  2 goblins
  7 hobgoblins
  7 jackals (D:1)
  4 quokkas (D:1)
  A ball python (D:1)
  2 frilled lizards (D:1)
  3 kobolds
  8 rats
46 creatures vanquished.

Notes
Turn   | Place    | Note
-------+----------+-------------------------------------------
     0 | D:1      | dolemite99 the Demonspawn Hunter began the quest for the
                  | Orb.
     0 | D:1      | Reached XP level 1. HP: 16/16 MP: 1/1
    67 | D:1      | Reached skill level 4 in Ranged Weapons
    72 | D:1      | Gained mutation: You have a pair of small horns on your
                  | head. [demonic ancestry]
    72 | D:1      | Reached XP level 2. HP: 22/22 MP: 2/2
   440 | D:1      | Reached XP level 3. HP: 27/27 MP: 3/3
  1299 | D:2      | Found a faded altar of an unknown god.
  1318 | D:2      | Reached skill level 5 in Ranged Weapons
  1329 | D:2      | You fall into a shaft and drop 2 floors!
  1512 | D:4      | Noticed a phantom
  1532 | D:4      | Slain by a phantom

Illustrated notes

Levels and vault maps discovered:
D:1:      onia_arrival_handbag, layout_loops_ring, minmay_nonomino_d4
D:2:      layout_rooms, hellmonk_ecumenical_altar_blasted
D:4:      minmay_clustersquares, layout_basic, dk_noncrumbling_2

Skill      XL: |  1  2  3 |
---------------+----------+-----
Ranged Weapons | 4 5 |  5.0
Fighting       | |  2.0
Dodging        | |  1.7
Stealth        | |  0.8

Action                     || total
---------------------------++-------
   Fire: Shortbow          ||   114
    Use: Potion            ||     4
 Armour: Leather armour    ||    14
  Dodge: Dodged            ||    32
